 Dungeon Crawl Stone Soup version 0.22-a0-455-ga0624bf (webtiles) character file.

2355 Asanbosam the Cudgeler (level 9, -1/68 HPs)
             Began as a Gnoll Wanderer on June 5, 2018.
             Was a Follower of Cheibriados.
             Slain by a two-headed ogre
             ... wielding a +0 giant spiked club
              (10 damage)
             ... on level 8 of the Dungeon.
             The game lasted 00:18:52 (5862 turns).

Asanbosam the Cudgeler (Gnoll Wanderer)             Turns: 5862, Time: 00:18:53

Health: -1/68      AC:  8    Str: 18    XL:     9   Next: 44%
Magic:  15/15      EV: 12    Int: 16    God:    Cheibriados [*.....]
Gold:   368        SH:  0    Dex: 19    Spells: 16/16 levels left

rFire    . . .     SeeInvis +   y - +2 battleaxe (drain)
rCold    . . .     Gourm    .   (shield currently unavailable)
rNeg     . . .     Faith    .   j - +0 scale mail
rPois    .         Spirit   .   u - +0 helmet
rElec    .         Reflect  .   (no cloak)
rCorr    .         Harm     .   (no gloves)
MR       .....                  (no boots)
Stlth    +.........             (no amulet)
HPRegen  0.21/turn              n - ring of see invisible
MPRegen  0.14/turn              (no ring)

@: drained, very slow
A: distributed training, fangs 1, strong nose
a: Bend Time, Renounce Religion


You were on level 8 of the Dungeon.
You worshipped Cheibriados.
Cheibriados was aware of your devotion.
You were hungry.

You visited 1 branch of the dungeon, and saw 6 of its levels.

You collected 368 gold pieces.

Inventory:

Hand Weapons
 g - a +1 mace of holy wrath
 s - a +1 mace of crushing
 y - a +2 battleaxe of draining (weapon)
Armour
 j - a +0 scale mail (worn)
 u - a +0 helmet (worn)
Jewellery
 n - a ring of see invisible (left hand)
Wands
 i - a wand of iceblast (11)
Scrolls
 a - a scroll of remove curse {unknown}
 c - a scroll of enchant weapon {unknown}
 e - a scroll of enchant armour {unknown}
 h - 2 scrolls of fog {unknown}
 k - 8 scrolls of identify {unknown}
 l - a scroll of blinking {unknown}
 m - a scroll of immolation {unknown}
 q - 2 scrolls of fear {unknown}
 r - 3 scrolls of teleportation {unknown}
 t - a scroll of random uselessness {unknown}
 x - a scroll of holy word {unknown}
 z - a scroll of magic mapping {unknown}
Potions
 b - 2 potions of curing
 d - a potion of brilliance
 o - a potion of ambrosia
 p - a potion of might {unknown}
 v - 2 potions of cancellation {unknown}
 w - a potion of mutation {unknown}
Comestibles
 f - 12 rations


   Skills:
 + Level 5.0(4.6) Fighting
 + Level 4.1(3.8) Short Blades
 + Level 4.1(3.8) Long Blades
 + Level 4.1(3.8) Axes
 + Level 7.8(7.4) Maces & Flails
 + Level 4.1(3.8) Polearms
 + Level 4.1(3.8) Staves
 + Level 4.1(3.8) Slings
 + Level 4.1(3.8) Bows
 + Level 4.1(3.8) Crossbows
 + Level 5.0(4.6) Throwing
 + Level 5.0(4.6) Armour
 + Level 4.1(3.8) Dodging
 + Level 4.1(3.8) Stealth
 + Level 5.0(4.6) Shields
 + Level 4.1(3.8) Unarmed Combat
 + Level 4.1(3.8) Spellcasting
 + Level 3.4(3.0) Conjurations
 + Level 3.4(3.0) Hexes
 + Level 3.4(3.0) Charms
 + Level 3.4(3.0) Summonings
 + Level 3.4(3.0) Necromancy
 + Level 3.4(3.0) Translocations
 + Level 4.1(3.7) Transmutations
 + Level 3.4(3.0) Fire Magic
 + Level 3.4(3.0) Ice Magic
 + Level 3.4(3.0) Air Magic
 + Level 5.2(4.8) Earth Magic
 + Level 3.4(3.0) Poison Magic
 + Level 4.6(4.2) Invocations
 + Level 4.1(3.8) Evocations


You had 16 spell levels left.
You didn't know any spells.
Your spell library contained the following spells:

 Spells                   Type           Power        Failure   Level  Hunger
 Spider Form              Tmut/Pois      ##........   36%         3    ###....
 Blade Hands              Tmut           ###.......   97%         5    ######.
 Ice Form                 Ice/Tmut       ##......     77%         4    ####...
 Sticks to Snakes         Tmut           ###.....     17%         2    ##.....
 Beastly Appendage        Tmut           ###...       11%         1    None


Dungeon Overview and Level Annotations

Branches:
Dungeon (8/15)
 Temple: D:4-7         Lair: D:8-11

Altars:
Cheibriados
Fedhas
Makhleb
Yredelemnul


Innate Abilities, Weirdness & Mutations

Your experience applies equally to all skills.
You have very sharp teeth.
Your uncanny sense of smell can sniff out nearby items.


Message History

The two-headed ogre hits you but does no damage.
You slash the two-headed ogre! You drain the two-headed ogre!
The two-headed ogre is heavily wounded.
The two-headed ogre hits you with a giant spiked club!
The two-headed ogre misses you.
You slash the two-headed ogre!
The two-headed ogre is severely wounded.
The two-headed ogre hits you with a giant spiked club!!
* * * LOW HITPOINT WARNING * * *
The two-headed ogre barely misses you.
You are too injured to fight recklessly!
You slash the two-headed ogre!
The two-headed ogre is almost dead.
The two-headed ogre hits you with a giant spiked club!
* * * LOW HITPOINT WARNING * * *
The two-headed ogre barely misses you.
You barely miss the two-headed ogre.
The two-headed ogre is almost dead.
The two-headed ogre hits you with a giant spiked club!
You die...

.....'..#......#
.....#.<#......#..##..#
.....#.[#......#...?..#
.....#..'......#.?....#
######..#......#......#
.....#......#......#
.......#.....<#......#
#+###..#......#O.....#
####......#@.....#
........#......#
.........'......#
..........#......#
..........#......#
........##+##..#
........... ..#
#####........... .#
#.....#+####+##. #


You could see a two-headed ogre.

Vanquished Creatures
  A necrophage (D:7)
  2 sky beasts
  An orc warrior (D:8)
  A phantom (D:4)
  3 ogres
  A centaur (D:7)
  6 big kobolds (D:3)
  A scorpion (D:7)
  7 killer bees (D:7)
  A wight (D:8)
  A howler monkey (D:4)
  3 crimson imps
  2 hounds
  2 orc priests
  A bullfrog skeleton (D:4)
  2 iguanas (D:8)
  4 orc wizards
  Natasha (D:2)
  A worker ant (D:4)
  A hound skeleton (D:4)
  A mummy (D:7)
  Robin (D:3)
  A gnoll (D:3)
  9 adders
  A shadow imp (D:7)
  2 worms
  2 dart slugs
  3 leopard geckos
  10 orcs
  7 giant cockroaches
  17 goblins
  13 hobgoblins
  3 jackals (D:4)
  A ball python (D:3)
  6 bats
  3 frilled lizards
  43 kobolds (D:3)
  5 rats
170 creatures vanquished.

Vanquished Creatures (others)
  A fungus (D:2)
1 creature vanquished.

Grand Total: 171 creatures vanquished

Notes
Turn   | Place    | Note
-------+----------+-------------------------------------------
     0 | D:1      | Asanbosam the Gnoll Wanderer began the quest for the Orb.
     0 | D:1      | Asanbosam set off with: a +2 mace, a potion of curing, a potion of lignification, a +0 robe, a ration
     0 | D:1      | Reached XP level 1. HP: 17/17 MP: 1/1
   113 | D:1      | Reached XP level 2. HP: 19/23 MP: 2/2
   774 | D:2      | Reached XP level 3. HP: 28/28 MP: 3/3
   842 | D:2      | Found a blossoming altar of Fedhas.
   913 | D:2      | Reached skill level 1 in Invocations
  1139 | D:2      | Noticed Natasha
  1150 | D:2      | Killed Natasha
  1150 | D:2      | Reached skill level 1 in Short Blades
  1150 | D:2      | Reached skill level 1 in Long Blades
  1150 | D:2      | Reached skill level 1 in Axes
  1150 | D:2      | Reached skill level 1 in Polearms
  1150 | D:2      | Reached skill level 1 in Staves
  1150 | D:2      | Reached skill level 1 in Slings
  1150 | D:2      | Reached skill level 1 in Bows
  1150 | D:2      | Reached skill level 1 in Crossbows
  1150 | D:2      | Reached skill level 1 in Dodging
  1150 | D:2      | Reached skill level 1 in Stealth
  1150 | D:2      | Reached skill level 1 in Unarmed Combat
  1150 | D:2      | Reached skill level 1 in Spellcasting
  1150 | D:2      | Reached skill level 1 in Evocations
  1150 | D:2      | Reached XP level 4. HP: 16/34 MP: 5/5
  1367 | D:2      | You fall through a shaft for 2 floors!
  1382 | D:4      | Reached skill level 1 in Conjurations
  1382 | D:4      | Reached skill level 1 in Hexes
  1382 | D:4      | Reached skill level 1 in Charms
  1382 | D:4      | Reached skill level 1 in Summonings
  1382 | D:4      | Reached skill level 1 in Necromancy
  1382 | D:4      | Reached skill level 1 in Translocations
  1382 | D:4      | Reached skill level 1 in Fire Magic
  1382 | D:4      | Reached skill level 1 in Ice Magic
  1382 | D:4      | Reached skill level 1 in Air Magic
  1382 | D:4      | Reached skill level 1 in Poison Magic
  1401 | D:4      | Reached XP level 5. HP: 34/40 MP: 6/6
  2759 | D:3      | Noticed a big kobold
  2763 | D:3      | Killed a big kobold
  2763 | D:3      | Reached XP level 6. HP: 46/47 MP: 8/8
  2839 | D:3      | Noticed Robin
  2899 | D:3      | Killed Robin
  3085 | D:3      | Reached XP level 7. HP: 28/52 MP: 10/10
  3238 | D:3      | Reached skill level 7 in Maces & Flails
  3722 | D:4      | Reached XP level 8. HP: 30/60 MP: 12/12
  4245 | D:4      | You fall through a shaft for 3 floors!
  4245 | D:7      | Found a basalt altar of Yredelemnul.
  4476 | D:7      | Found a snail-covered altar of Cheibriados.
  4488 | D:7      | Became a worshipper of Cheibriados the Contemplative
  5004 | D:8      | Reached XP level 9. HP: 66/66 MP: 14/14
  5041 | D:8      | Reached skill level 5 in Earth Magic
  5158 | D:8      | Reached * piety under Cheibriados
  5528 | D:8      | Found a burning altar of Makhleb.
  5842 | D:7      | Reached skill level 5 in Fighting
  5842 | D:7      | Reached skill level 5 in Throwing
  5842 | D:7      | Reached skill level 5 in Armour
  5842 | D:7      | Reached skill level 5 in Shields
  5855 | D:8      | Noticed a two-headed ogre
  5862 | D:8      | Slain by a two-headed ogre

Vault maps used:
D:1:      dpeg_arrival_stone_temple_mockup
D:2:      fedhas_altar_3, grunt_ministairs_4, kennysheep_generic_room_9,
          uniq_natasha
D:3:      minmay_goblin_kobold_castle, first_ration, minmay_goblin_kobold_house,
          uniq_robin
D:4:      minmay_temple_entry_butterflies, serial_shops, shop,
          minmay_misc_feat_roman
D:7:      kennysheep_little_box, slow_altar_2, lemuel_round_altar,
          ashenzari_altar_1, uniq_prince_ribbit1
D:8:      basic_altar

Skill      XL: |  1  2  3  4  5  6  7  8  9 |
---------------+----------------------------+-----
Transmutations | 2 3 4 |  4.1
Invocations    | 1 2 3 4 |  4.6
Short Blades   | 1 2 3 4 |  4.1
Long Blades    | 1 2 3 4 |  4.1
Axes           | 1 2 3 4 |  4.1
Polearms       | 1 2 3 4 |  4.1
Staves         | 1 2 3 4 |  4.1
Slings         | 1 2 3 4 |  4.1
Bows           | 1 2 3 4 |  4.1
Crossbows      | 1 2 3 4 |  4.1
Dodging        | 1 2 3 4 |  4.1
Stealth        | 1 2 3 4 |  4.1
Unarmed Combat | 1 2 3 4 |  4.1
Spellcasting   | 1 2 3 4 |  4.1
Evocations     | 1 2 3 4 |  4.1
Conjurations   | 1 2 3 |  3.4
Hexes          | 1 2 3 |  3.4
Charms         | 1 2 3 |  3.4
Summonings     | 1 2 3 |  3.4
Necromancy     | 1 2 3 |  3.4
Translocations | 1 2 3 |  3.4
Fire Magic     | 1 2 3 |  3.4
Ice Magic      | 1 2 3 |  3.4
Air Magic      | 1 2 3 |  3.4
Poison Magic   | 1 2 3 |  3.4
Fighting       | 3 4 5 |  5.0
Throwing       | 3 4 5 |  5.0
Armour         | 3 4 5 |  5.0
Shields        | 3 4 5 |  5.0
Earth Magic    | 4 5 |  5.2
Maces & Flails | 7 |  7.8

Action                   |  1- 3 |  4- 6 |  7- 9 || total
-------------------------+-------+-------+-------++-------
Melee: Mace              |    75 |   225 |   301 ||   601
       Bite              |     6 |    18 |    35 ||    59
       Punch             |       |     1 |     7 ||     8
       Battleaxe         |       |       |    21 ||    21
  Use: Potion            |     1 |       |     6 ||     7
  Eat: Chunk             |       |     4 |     4 ||     8
       Ration            |       |     1 |     1 ||     2
Armor: Robe              |    15 |       |       ||    15
       Scale mail        |    13 |    86 |   111 ||   210
       Skin              |       |       |    53 ||    53
Dodge: Dodged            |    42 |   113 |   167 ||   322

Table legend:
 A = Spawn XP
 B = Non-spawn XP
 C = Spawn XP percentage of total XP
 D = Spawn monster count
 E = Non-spawn monster count
 F = Spawn count percentage of total count
 G = Total turns spent on level
                    A         B        C        D         E        F      G
               +---------+---------+-------+---------+---------+-------+---------
         Total |       0 |    3365 |   0.0 |       0 |     170 |   0.0 |  5862
               +---------+---------+-------+---------+---------+-------+---------
           D:1 |       0 |      25 |   0.0 |       0 |      15 |   0.0 |   766
           D:2 |       0 |     107 |   0.0 |       0 |      15 |   0.0 |   995
           D:3 |       0 |     800 |   0.0 |       0 |      87 |   0.0 |  1734
           D:4 |       0 |     527 |   0.0 |       0 |      22 |   0.0 |   750
           D:7 |       0 |    1182 |   0.0 |       0 |      20 |   0.0 |   899
           D:8 |       0 |     724 |   0.0 |       0 |      11 |   0.0 |   718
               +---------+---------+-------+---------+---------+-------+---------
